 Dungeon Crawl Stone Soup version 0.30.0-29-ga12c61a403 (webtiles) character file.

Game seed: 9526861922668236900

110 gudo the Magician (level 4, -3/36 HPs)
             Began as an Armataur Hedge Wizard on June 23, 2023.
             Slain by a black bear (6 damage)
             ... on level 4 of the Dungeon.
             The game lasted 00:22:12 (3504 turns).

gudo the Magician (Armataur Hedge Wizard)           Turns: 3504, Time: 00:22:12

Health: -3/36      AC:  4    Str: 18 (21) XL:     4   Next: 61%
Magic:  17/17      EV:  9    Int: 15 (17) God:
Gold:   240        SH:  0    Dex:  6 (9)  Spells: 2/8 levels left

rFire   . . .        j - +1 short sword (vamp)
rCold   . . .        (no shield)
rNeg    . . .        b - +0 robe
rPois   .            c - +0 hat
rElec   .            (no cloak)
rCorr   .            (no gloves)
SInv    .            (no barding)
Will    .....        (no amulet)
Stlth   ++           e - +6 ring of strength
HPRegen 0.26/turn    g - ring of magical power
MPRegen 0.15/turn

%: roll
@: no status effects
A: large, rugged brown scales 3, deformed body, armoured tail, roll, long
tongue, awkward tongue, antennae 1, thin skeletal structure 1, clumsy 1, subdued
magic 1
a: no special abilities


You were on level 4 of the Dungeon.
You visited 1 branch of the dungeon, and saw 4 of its levels.

You collected 240 gold pieces.

Inventory:

Hand Weapons
 j - a +1 vampiric short sword (weapon)
Armour
 b - a +0 robe (worn)
 c - a +0 hat (worn)
Jewellery
 e - a +6 ring of strength (left hand)
 f - a ring of fire
 g - a ring of magical power (right hand)
 i - a ring of resist corrosion
Scrolls
 a - 3 scrolls of identify
Potions
 d - a potion of magic
 h - a potion of lignification {unknown}
 k - a potion of curing


   Skills:
 - Level 0.4 Fighting
 + Level 1.1 Short Blades
 - Level 1.3 Dodging
 - Level 2.1 Stealth
 - Level 2.9 Spellcasting
 - Level 2.3 Conjurations
 - Level 0.7 Summonings
 + Level 0.6 Necromancy
 - Level 1.0 Translocations
 * Level 1.3 Air Magic
 * Level 1.3 Poison Magic


You had 2 spell levels left.
You knew the following spells:

 Your Spells              Type           Power      Damage    Failure   Level
a - Magic Dart            Conj           28%        1d4       6%          1
b - Mephitic Cloud        Conj/Pois/Air  5%         N/A       26%         3
c - Blink                 Tloc           8%         N/A       17%         2

Your spell library contained the following spells:

 Spells                   Type           Power      Damage    Failure   Level
 Static Discharge         Conj/Air       10%        2-3/arc   12%         2
 Slow                     Hex            4%         N/A       17%         1
 Cigotuvi's Dreadful Rot  Necr/Pois/Air  8%         N/A       17%         2
 Call Imp                 Summ           6%         N/A       19%         2
 Ignite Poison            Fire/Tmut/Pois 2%         N/A       41%         3
 Ozocubu's Armour         Ice            1%         N/A       47%         3
 Airstrike                Air            2%         2d(1-17)  71%         4
 Summon Lightning Spire   Summ/Air       4%         N/A       75%         4
 Cause Fear               Hex            0%         N/A       88%         4
 Freezing Cloud           Conj/Ice/Air   2%         6-21      97%         5
 Dragon Form              Tmut           0%         N/A       100%        7
 Ozocubu's Refrigeration  Ice            0%         4d7       100%        7
 Dragon's Call            Summ           1%         N/A       100%        9


Dungeon Overview and Level Annotations

Branches:
Dungeon (4/15)
 Temple: D:4-7

Altars:

Annotations:
D:2 Robin


Innate Abilities, Weirdness & Mutations

You are completely covered in rugged brown scales. (AC +3, +7% HP)
Armour fits poorly on your strangely shaped body.
You have a long armoured tail.
You roll when moving toward enemies. (Rampage)
Your long tongue fully drains potion bottles. (2x potion effects)
Your tongue gives you trouble enunciating. (1.5x scroll delay)
You have a pair of small antennae on your head.
You have a somewhat thin skeletal structure. (Dex +2, Stealth+)
You are clumsy. (Dex -2)
Your spells are a little easier to cast, but a little less powerful.


Message History

The black bear bites you. The black bear claws you.
The black bear closely misses you.
You hit the black bear.
Your tail-slap misses the black bear.
The black bear is moderately wounded.
The black bear barely misses you. The black bear claws you. x2
You hit the black bear but do no damage.
You tail-slap the black bear.
The black bear is heavily wounded.
The black bear bites you. The black bear closely misses you.
The black bear barely misses you.
You are too injured to fight recklessly!
You are too injured to fight recklessly!
You hit the black bear but do no damage.
The black bear is heavily wounded.
The black bear misses you. The black bear claws you. x2
You hit the black bear but do no damage.
The black bear is heavily wounded.
The black bear bites you. The black bear barely misses you.
The black bear claws you.
You closely miss the black bear.
The black bear is heavily wounded.
The black bear bites you.
* * * LOW HITPOINT WARNING * * *
The black bear claws you but does no damage. x2
You hit the black bear but do no damage.
The black bear is heavily wounded.
The black bear barely misses you. The black bear claws you.
* * * LOW HITPOINT WARNING * * *
The black bear claws you but does no damage.
You barely miss the black bear.
Your tail-slap misses the black bear.
The black bear is heavily wounded.
The black bear bites you.
* * * LOW HITPOINT WARNING * * *
The black bear claws you but does no damage.
The black bear claws you.
* * * LOW HITPOINT WARNING * * *
You hit the black bear.
The black bear is heavily wounded.
The black bear bites you.
You die...

#..##.# ####.....
#..##.## #####.....###
#..#...# #............
###....#.###.###.##.###.
..................# #
.###.#####.#.###..#
.....# #.#(# #..#####.
.###.# #.#)# #........
.###.# #.#.# #@!..<...
...... ..#.# #h.#####.
.##### ..#............
># ..#####..###### .#
#..# ... #..# #### #..#
# #..# # #..#


You could see a black bear.

Vanquished Creatures
  A gnoll (D:1)
  3 adders (D:2)
  A worm (D:3)
  A dart slug (D:3)
  6 orcs (D:3)
  2 ball pythons
  3 bats
  9 endoplasms
  A giant cockroach (D:3)
  5 goblins
  9 hobgoblins
  6 kobolds
  2 quokkas
  3 frilled lizards (D:3)
  7 rats
59 creatures vanquished.

Notes
Turn   | Place    | Note
-------+----------+-------------------------------------------
     0 | D:1      | gudo the Armataur Hedge Wizard began the quest for the Orb.
     0 | D:1      | Reached XP level 1. HP: 14/14 MP: 4/4
    58 | D:1      | Reached skill level 1 in Conjurations
   443 | D:1      | Reached XP level 2. HP: 21/21 MP: 1/5
   799 | D:1      | Gained mutation: You have a somewhat thin skeletal
                  | structure. (Dex +2, Stealth+) [potion of mutation]
   799 | D:1      | Gained mutation: Your muscles are strong. (Str +4, Int/Dex
                  | -1) [potion of mutation]
   799 | D:1      | Gained mutation: You have hidden genetic defects. [potion
                  | of mutation]
   799 | D:1      | Lost mutation: Your muscles are strong. (Str +4, Int/Dex
                  | -1) [potion of mutation]
   799 | D:1      | Gained mutation: You have a pair of small antennae on your
                  | head. [potion of mutation]
  1342 | D:1      | Reached XP level 3. HP: 22/28 MP: 7/7
  1366 | D:1      | Gained mutation: Your spells are a little easier to cast,
                  | but a little less powerful. [hidden defects]
  1602 | D:2      | Gained mutation: You are clumsy. (Dex -2) [hidden defects]
  1602 | D:2      | Lost mutation: You have hidden genetic defects. [hidden
                  | defects expressed]
  1655 | D:2      | Learned a level 3 spell: Mephitic Cloud
  1950 | D:2      | Noticed Robin
  2194 | D:2      | Reached XP level 4. HP: 21/36 MP: 6/8
  2278 | D:2      | Learned a level 2 spell: Blink
  2400 | D:2      | Reached skill level 1 in Poison Magic
  2799 | D:3      | Reached skill level 1 in Air Magic
  2916 | D:3      | Reached skill level 1 in Short Blades
  3487 | D:4      | Noticed a black bear
  3504 | D:4      | Slain by a black bear

Illustrated notes

Levels and vault maps discovered:
D:1:      psy_arrival_wood_between_worlds, layout_basic
D:2:      layout_rooms, minmay_between, uniq_robin
D:3:      layout_basic
D:4:      layout_loops_ring, nicolae_uskayaw_murder_on_the_dancefloor,
          kennysheep_slug_shrine

Skill      XL: |  1  2  3  4 |
---------------+-------------+-----
Conjurations   | 1 2 |  2.3
Poison Magic   | 1 |  1.3
Air Magic      | 1 |  1.3
Short Blades   | 1 |  1.1
Fighting       | |  0.4
Dodging        | |  1.3
Stealth        | |  2.1
Spellcasting   | |  2.9
Summonings     | |  0.7
Necromancy     | |  0.6
Translocations | |  1.0

Action                     |  1- 3 |  4- 6 || total
---------------------------+-------+-------++-------
  Melee: Dagger            |    91 |    19 ||   110
         Tailslap          |     7 |     7 ||    14
         Short sword       |       |   108 ||   108
   Cast: Magic Dart        |    81 |    10 ||    91
         Mephitic Cloud    |     1 |     1 ||     2
    Use: Potion            |     4 |       ||     4
         Scroll            |     5 |     2 ||     7
   Stab: Sleeping          |     3 |     7 ||    10
 Armour: Robe              |    54 |    30 ||    84
  Dodge: Dodged            |    63 |    45 ||   108
